 Dungeon Crawl Stone Soup version 0.21-a0-401-g0b6bec4 (webtiles) character file.

296 flaggy the Skirmisher (level 6, -6/56 HPs)
             Began as a Minotaur Fighter on Oct 25, 2017.
             Was an Initiate of Trog.
             Killed by divine providence
             ... invoked by an orc priest
              (11 damage)
             ... on level 4 of the Dungeon.
             The game lasted 00:11:50 (1827 turns).

flaggy the Skirmisher (Minotaur Fighter)            Turns: 1827, Time: 00:11:51

Health: -6/56      AC:  9    Str: 28    XL:     6   Next: 12%
Magic:  5/5        EV:  8    Int:  5    God:    Trog [......]
Gold:   152        SH: 10    Dex:  9    Spells: 5/5 levels left

rFire    + + .     SeeInvis .   a - +0 long sword
rCold    x . .     Gourm    .   c - +0 shield
rNeg     . . .     Faith    .   s - +0 fire dragon scales
rPois    +         Spirit   .   (helmet restricted)
rElec    .         Reflect  .   (no cloak)
rCorr    .         Harm     .   (no gloves)
MR       .....                  (no boots)
Stlth    ..........             (no amulet)
HPRegen  0.18/turn              k - ring of poison resistance
MPRegen  0.09/turn              q - ring of stealth

@: mighty
A: retaliatory headbutt, horns 2
a: Burn Spellbooks, Renounce Religion


You were on level 4 of the Dungeon.
You worshipped Trog.
Trog was noncommittal.
You were not hungry.

You visited 1 branch of the dungeon, and saw 4 of its levels.

You collected 152 gold pieces.

Inventory:

Hand Weapons
 a - a +0 long sword (weapon)
Missiles
 h - 28 arrows
 t - 22 poisoned needles
 u - 41 bolts
Armour
 b - a +0 scale mail
 c - a +0 shield (worn)
 o - a +1 ring mail of cold resistance
 s - +0 fire dragon scales (worn)
 v - a cursed +0 leather armour
Jewellery
 k - a ring of poison resistance (left hand)
 q - a ring of stealth (right hand)
Scrolls
 j - a scroll of amnesia {unknown}
 n - 3 scrolls of fog {unknown}
 p - a scroll of recharging {unknown}
 r - a scroll of identify {unknown}
Potions
 e - 2 potions of curing {unknown}
 g - a potion of ambrosia {unknown}
 l - a potion of flight {unknown}
 m - 3 potions of mutation {unknown}
 w - a potion of agility {unknown}
Comestibles
 f - 2 bread rations
 x - a chunk of flesh


   Skills:
 * Level 5.1 Fighting
 + Level 4.8 Long Blades
 + Level 4.7 Armour
 - Level 0.8 Dodging
 + Level 5.1 Shields


You had 5 spell levels left.
You didn't know any spells.

Dungeon Overview and Level Annotations

Branches:
Dungeon (4/15)
 Temple: D:4-7

Altars:
Cheibriados
Qazlal
Trog
Xom


Innate Abilities, Weirdness & Mutations

You reflexively headbutt those who attack you in melee.
You have a pair of horns on your head.


Message History

As you read the scroll labeled CYUXZA WEXKI, it crumbles to dust.
You feel strangely unstable.
It was a scroll of teleportation.
The killer bee stings you but does no damage.
You block the killer bee's attack. You block the killer bee's attack.
Okay, then.
You feel very mighty all of a sudden.
Your surroundings suddenly seem different.
An orc comes into view.
The orc shouts!
You hear a shout!
A worm comes into view.
You block the orc's attack.
You slash the orc!
You kill the orc!
Trog accepts your kill.
An orc priest comes into view.
The orc priest miscasts a cantrip.
The orc priest invokes the aid of Beogh against you.
Beogh smites you!
You die...

...##.############....##...##
##..#.....................##
.##.##############....#####
.8#.# ##†#.## ..#.### ##....#
..#...# #.....# ..#©..#
#.....# ..#...####### #.....#
..#.........# #@...##
.8#.#.#####.# #.##.# .##.#<#
#.# .# ##....# #.# .# ....###
#w# .# #.#.# #..# .# ......
##.# #.#.### .o# #.#.. #.#


You could see a worm and an orc priest.

Vanquished Creatures
  A phantom (D:4)
  A gnoll sergeant (D:4)
  2 hounds (D:4)
  An adder (D:2)
  2 oozes
  2 worms
  A dart slug (D:1)
  3 leopard geckos (D:1)
  2 orcs
  8 bats
  3 giant cockroaches
  4 goblins
  12 hobgoblins
  4 jackals (D:3)
  4 kobolds
  A quokka (D:3)
  A ball python (D:2)
  A frilled lizard (D:1)
  A leopard gecko skeleton (D:4)
  A quokka skeleton (D:4)
  7 rats
62 creatures vanquished.

Notes
Turn   | Place    | Note
-------+----------+-------------------------------------------
     0 | D:1      | flaggy the Minotaur Fighter began the quest for the Orb.
     0 | D:1      | Reached XP level 1. HP: 19/19 MP: 0/0
   125 | D:1      | Reached XP level 2. HP: 27/27 MP: 1/1
   508 | D:1      | Reached XP level 3. HP: 33/33 MP: 2/2
  1097 | D:2      | Found a bloodstained altar of Trog.
  1213 | D:2      | Reached XP level 4. HP: 40/40 MP: 3/3
  1236 | D:2      | Became a worshipper of Trog the Wrathful
  1458 | D:3      | Noticed an air elemental
  1460 | D:3      | Found a stormy altar of Qazlal.
  1462 | D:3      | Noticed a water elemental
  1462 | D:3      | Noticed a fire elemental
  1462 | D:3      | Noticed an earth elemental
  1530 | D:4      | Found a transporter.
  1533 | D:4      | Found a transporter.
  1541 | D:4      | Noticed a gnoll sergeant
  1541 | D:4      | Found a snail-covered altar of Cheibriados.
  1541 | D:4      | Found a shimmering altar of Xom.
  1553 | D:4      | Killed a gnoll sergeant
  1553 | D:4      | Reached XP level 5. HP: 44/47 MP: 4/4
  1697 | D:4      | Noticed a phantom
  1742 | D:4      | Killed a phantom
  1742 | D:4      | Reached skill level 5 in Fighting
  1742 | D:4      | Reached skill level 5 in Shields
  1747 | D:4      | Reached XP level 6. HP: 15/56 MP: 5/5
  1800 | D:4      | HP: 1/56 [killer bee (3)]
  1827 | D:4      | Killed from afar by an orc priest

Vault maps used:
D:1:      saegor_arrival_under_anarchy
D:2:      minmay_misc_feat_four_crosses, trog_hazing_becter
D:3:      hangedman_decor_points, minmay_fountain_box,
          nicolae_qazlal_style_of_elements
D:4:      gammafunk_temple_overflow_arena, minmay_temple_entry_glassed_door,
          first_bread, nicolae_alphabet_shops

Skill      XL: |  1  2  3  4  5 |
---------------+----------------+-----
Fighting       | 4 5 |  5.1
Armour         | 4 |  4.7
Shields        | 4 5 |  5.1
Long Blades    | 3 4 |  4.8
Dodging        | |  0.8

Action                   |  1- 3 |  4- 6 || total
-------------------------+-------+-------++-------
Melee: Long sword        |    97 |    71 ||   168
       Headbutt          |    12 |    13 ||    25
  Use: Scroll            |       |     1 ||     1
       Potion            |       |     1 ||     1
  Eat: Chunk             |     1 |     2 ||     3
Armor: Scale mail        |    72 |       ||    72
       Ring mail         |       |    15 ||    15
       Fire dragon scale |       |    24 ||    24
Dodge: Dodged            |    41 |    27 ||    68
Block: Shield            |    91 |    37 ||   128
       Rpst.: Long sword |    10 |    10 ||    20

Table legend:
 A = Spawn XP
 B = Non-spawn XP
 C = Spawn XP percentage of total XP
 D = Spawn monster count
 E = Non-spawn monster count
 F = Spawn count percentage of total count
 G = Total turns spent on level
                    A         B        C        D         E        F      G
               +---------+---------+-------+---------+---------+-------+---------
         Total |       0 |     423 |   0.0 |       0 |      62 |   0.0 |  1827
               +---------+---------+-------+---------+---------+-------+---------
           D:1 |       0 |      51 |   0.0 |       0 |      24 |   0.0 |   783
           D:2 |       0 |      48 |   0.0 |       0 |      17 |   0.0 |   513
           D:3 |       0 |      27 |   0.0 |       0 |      14 |   0.0 |   234
           D:4 |       0 |     297 |   0.0 |       0 |       7 |   0.0 |   297
               +---------+---------+-------+---------+---------+-------+---------
